 Dungeon Crawl Stone Soup version 0.19.0-9-gfd783f2 (webtiles) character file.

263 Haldmier the Chiller (level 5, -1/31 HPs)
             Began as a High Elf Ice Elementalist on Nov 7, 2016.
             Killed from afar by an orc wizard (9 damage)
             ... with a magic dart
             ... on level 4 of the Dungeon.
             The game lasted 00:18:15 (4894 turns).

Haldmier the Chiller (High Elf Ice Elementalist)    Turns: 4894, Time: 00:18:16

Health: -1/31      AC:  8    Str:  8    XL:     5   Next: 97%
Magic:  7/10       EV: 13    Int: 18    God:
Gold:   142        SH:  0    Dex: 16    Spells: 3 memorised, 3 levels left

rFire  . . .     SeeInvis .     t - +0 falchion
rCold  . . .     Gourm    .     a - +0 robe
rNeg   . . .     Faith    .     (no shield)
rPois  .         Spirit   .     (no helmet)
rElec  .         Reflect  .     (no cloak)
rCorr  .         Harm     .     (no gloves)
MR     .....                    (no boots)
Stlth  ++........               (no amulet)
                                (no ring)
                                (no ring)

@: icy armour, starving, slow
A: no striking features
a: no special abilities


You were on level 4 of the Dungeon.
You were starving.

You visited 1 branch of the dungeon, and saw 4 of its levels.
You also visited: Sewer.

You collected 142 gold pieces.

Inventory:

Hand Weapons
 t - a +0 falchion (weapon)
Missiles
 f - 11 tomahawks (quivered)
Armour
 a - a +0 robe (worn)
 h - a +0 ring mail
 v - a cursed -1 leather armour
Wands
 x - a wand of slowing (28/48)
Scrolls
 d - a scroll of enchant weapon {unknown}
 j - a scroll of random uselessness {unknown}
 l - 3 scrolls of remove curse {unknown}
 o - a scroll of amnesia {unknown}
 q - 2 scrolls of immolation {unknown}
 r - a scroll of fog {unknown}
 w - a scroll of blinking {unknown}
 y - a scroll of identify {unknown}
 z - a scroll of teleportation {unknown}
Potions
 e - 4 potions of lignification {unknown}
 g - 2 potions of magic {unknown}
 i - 2 potions of heal wounds {unknown}
 m - 4 potions of ambrosia {unknown}
 n - a potion of invisibility {unknown}
 p - a potion of degeneration {unknown}
 s - a potion of brilliance {unknown}
 u - 4 potions of might {unknown}
Books
 b - a book of Frost

   Spells                             Type                      Level
   a - Freeze                         Ice                          1
   b - Throw Frost                    Conjuration/Ice              2
   c - Ozocubu's Armour               Charms/Ice                   3
   d - Throw Icicle                   Conjuration/Ice              4
   e - Summon Ice Beast               Ice/Summoning                4
Comestibles
 c - 5 bread rations
 k - a royal jelly


   Skills:
 + Level 0.2 Long Blades
 - Level 2.1 Dodging
 - Level 2.1 Stealth
 - Level 2.8 Spellcasting
 + Level 2.6 Conjurations
 + Level 2.2 Charms
 + Level 5.7 Ice Magic


You had 3 spell levels left.
You knew the following spells:

 Your Spells              Type           Power        Failure   Level  Hunger
a - Freeze                Ice            ###.         1%          1    None
b - Throw Frost           Conj/Ice       ###...       6%          2    ##.....
c - Ozocubu's Armour      Chrm/Ice       ###.....     12%         3    ###....


Dungeon Overview and Level Annotations

Branches:
Dungeon (4/15)
 Temple: D:4-7

Altars:
Ru

Annotations:
D:2 Sigmund


Message History

The orc wizard gestures wildly while chanting.
The orc wizard mumbles some strange words.
The orc wizard blinks!
The orc wizard gestures wildly while chanting.
The orc wizard blinks!
Casting: Freeze
Confirm with . or Enter, or press ? or * to list all spells.
A film of ice covers your body!
You are starving!
The orc wizard hits you but does no damage.
The orc wizard gestures wildly while chanting.
The orc wizard hits you but does no damage.
The orc wizard barely misses you.
You riposte.
You hit the orc wizard but do no damage.
The orc wizard hits you but does no damage.
The gnoll closely misses you.
You riposte.
You hit the gnoll but do no damage. The orc wizard barely misses you.
You riposte.
You closely miss the orc wizard.
The orc wizard gestures at you while chanting.
The magic dart hits you!
You die...

##.## #.# #.# #.# #.#
#.# ##'## #.#
###...## #.###
.......## ####...#
........## ##.##og.#
.........####...#...#
###......'......@...#
#......####...##..#
#.....## ##..##..#
......## ##.....#
......## #..##.#
.....# #..##.# ##..#
#..##.# #..# #.....#
###..## ##.####


You could see an orc wizard and a gnoll.

Vanquished Creatures
  A bullfrog zombie (D:4)
  2 orc wizards
  7 adders
  A worm (D:2)
  4 dart slugs
  5 orcs
  5 giant cockroaches
  10 goblins
  7 hobgoblins
  14 jackals
  16 kobolds
  8 ball pythons
  5 bats
  8 frilled lizards
  7 rats
  6 plants (Sewer)
106 creatures vanquished.

Notes
Turn   | Place    | Note
-------+----------+-------------------------------------------
     0 | D:1      | Haldmier the High Elf Ice Elementalist began the quest for the Orb.
     0 | D:1      | Reached XP level 1. HP: 11/11 MP: 4/4
   152 | D:1      | Reached XP level 2. HP: 8/17 MP: 0/6
   626 | D:1      | Learned a level 2 spell: Throw Frost
   635 | D:1      | Reached skill level 4 in Ice Magic
   877 | D:1      | Reached XP level 3. HP: 20/21 MP: 4/7
  1126 | D:2      | Learned a level 3 spell: Ozocubu's Armour
  1459 | D:2      | Noticed Sigmund
  2461 | D:3      | Reached skill level 5 in Ice Magic
  2461 | D:3      | Reached XP level 4. HP: 24/27 MP: 3/8
  2682 | D:3      | Reached skill level 1 in Charms
  2926 | D:3      | Reached XP level 5. HP: 24/31 MP: 1/10
  3411 | D:4      | Found a sacrificial altar of Ru.
  3461 | D:4      | Found a glowing drain.
  3546 | Sewer    | Entered a sewer
  4894 | D:4      | Killed from afar by an orc wizard

Skill      XL: |  1  2  3  4  5 |
---------------+----------------+-----
Ice Magic      | 4 5 |  5.7
Charms         | 1 2 |  2.2
Conjurations   | 2 |  2.6
Long Blades    | |  0.2
Dodging        | |  2.1
Stealth        | |  2.1
Spellcasting   | |  2.8

Action                   |  1- 3 |  4- 6 || total
-------------------------+-------+-------++-------
Melee: Falchion          |       |   401 ||   401
 Cast: Freeze            |    72 |    98 ||   170
       Throw Frost       |     2 |     2 ||     4
       Ozocubu's Armour  |       |     2 ||     2
 Stab: Sleeping          |       |     1 ||     1
  Eat: Chunk             |     5 |     6 ||    11
       Royal jelly       |       |     1 ||     1
Armor: Robe              |     3 |    11 ||    14
Dodge: Dodged            |    37 |    73 ||   110
       Rpst.: Falchion   |       |    13 ||    13
